 Dungeon Crawl Stone Soup version 0.24.0-2-g5b39cebb1c (webtiles) character file.

Game seed: 3788152363008265488, levelgen mode: deterministic

208 Mrkan the Ogre Mage (level 5, -13/53 HPs)
             Began as an Ogre Wizard on Oct 29, 2019.
             Mangled by an ogre
             ... wielding a +0 giant club
              (25 damage)
             ... on level 4 of the Dungeon.
             The game lasted 00:12:27 (5695 turns).

Mrkan the Ogre Mage (Ogre Wizard)                   Turns: 5695, Time: 00:12:27

Health: -13/53     AC:  4    Str: 11    XL:     5   Next: 86%
Magic:  1/12       EV: 10    Int: 20    God:
Gold:   101        SH:  0    Dex:  7    Spells: 10/13 levels left

rFire    . . .     SeeInvis .   o - +0 club
rCold    . . .     Gourm    .   (no shield)
rNeg     . . .     Faith    .   a - +0 robe
rPois    .         Spirit   .   b - +0 hat
rElec    .         Reflect  .   p - +0 cloak
rCorr    .         Harm     .   (gloves unavailable)
MR       .....                  (boots unavailable)
Stlth    +.........             (no amulet)
HPRegen  0.17/turn              (no ring)
MPRegen  0.13/turn              (no ring)

@: very slightly contaminated
A: large, unfitting armour, tough skin 1
a: no special abilities


You were on level 4 of the Dungeon.
You were hungry.

You visited 1 branch of the dungeon, and saw 4 of its levels.

You collected 101 gold pieces.

Inventory:

Hand Weapons
 o - a +0 club (weapon)
Missiles
 i - a throwing net (quivered)
Armour
 a - a +0 robe (worn)
 b - a +0 hat (worn)
 p - a +0 cloak (worn)
Wands
 l - a wand of polymorph (4)
 q - a wand of random effects (14)
Scrolls
 c - 3 scrolls of enchant weapon {unknown}
 f - 4 scrolls of identify {unknown}
 h - a scroll of remove curse {unknown}
 k - 3 scrolls of fear {unknown}
 r - a scroll of blinking {unknown}
 s - a scroll of magic mapping {unknown}
Potions
 e - 2 potions of curing {unknown}
 g - 2 potions of might {unknown}
 j - a potion of heal wounds {unknown}
 m - a potion of berserk rage {unknown}
 t - a potion of haste {unknown}
Comestibles
 d - 8 rations


   Skills:
 + Level 3.3 Fighting
 - Level 1.7 Dodging
 - Level 1.4 Stealth
 + Level 4.7 Spellcasting
 * Level 3.6 Conjurations
 - Level 0.8 Summonings
   Level 0.8 Translocations


You had 10 spell levels left.
You knew the following spells:

 Your Spells              Type           Power        Failure   Level  Hunger
a - Magic Dart            Conj           ###.         2%          1    None
b - Call Imp              Summ           #.......     13%         2    #......

Your spell library contained the following spells:

 Spells                   Type           Power        Failure   Level  Hunger
 Blink                    Tloc           N/A          13%         2    #......
 Conjure Flame            Conj/Fire      ##......     17%         3    ##.....
 Slow                     Hex            #.......     19%         2    #......
 Mephitic Cloud           Conj/Pois/Air  #.......     22%         3    ##.....


Dungeon Overview and Level Annotations

Branches:
Dungeon (4/15)
 Temple: D:4-7

Altars:
Ashenzari
Gozag
Makhleb
Ru


Innate Abilities, Weirdness & Mutations

You are too large for most types of armour.
You have tough skin. (AC +1)


Message History

Your shadow imp hits the ogre.
You see here 19 stones.
The adder bites your shadow imp.
Your shadow imp hits the orc.
The adder bites your shadow imp.
Your shadow imp misses the adder.
Casting: Call Imp (safe; 13% risk of failure)
Confirm with . or Enter, or press ? or * to list all spells.
You don't have enough magic to cast that spell.
The adder misses your shadow imp.
The orc priest looks satisfied for a moment.
Your shadow imp hits the adder but does no damage.
You barely miss the ogre.
The ogre is almost dead.
The ogre hits you with a +0 giant club!!
Ouch! That really hurt!
* * * LOW HITPOINT WARNING * * *
Casting: Call Imp (safe; 13% risk of failure)
Confirm with . or Enter, or press ? or * to list all spells.
A beastly little devil appears in a puff of flame.
The ogre hits you with a +0 giant club!!
You die...

#......# #..# #.
#......# #.########.
#....).# #...O..(OS.
#......# ##.o######5
#......# #.......##
########
######S#####...
##..Oo.O# ##..
#######.S###### #..
#...<@Oo## #####..
#..5.###########......
#..........).....###..
#...############## ###
#####


You could see 2 ogres, an orc priest, an adder, an orc and a friendly crimson
imp.

Vanquished Creatures
  An adder (D:2)
  A worm (D:3)
  A leopard gecko (D:3)
  2 orcs
  6 bats
  5 giant cockroaches
  4 hobgoblins
  2 jackals (D:3)
  7 kobolds
  A quokka (D:2)
  2 ball pythons
  5 goblins
  13 rats
50 creatures vanquished.

Vanquished Creatures (collateral kills)
  An ogre (D:4)
  A hound (D:4)
  An orc wizard (D:4)
  A worker ant (D:2)
  Robin (D:3)
  5 adders
  A howler monkey skeleton (D:4)
  A leopard gecko (D:3)
  7 orcs
  8 goblins (D:3)
  2 hobgoblins
  6 jackals (D:3)
  4 rats
39 creatures vanquished.

Grand Total: 89 creatures vanquished

Notes
Turn   | Place    | Note
-------+----------+-------------------------------------------
     0 | D:1      | Mrkan the Ogre Wizard began the quest for the Orb.
     0 | D:1      | Reached XP level 1. HP: 16/16 MP: 5/5
    18 | D:1      | Reached skill level 1 in Conjurations
  1155 | D:1      | Reached XP level 2. HP: 26/26 MP: 0/6
  1189 | D:1      | Reached skill level 1 in Fighting
  2288 | D:2      | Reached skill level 4 in Spellcasting
  2288 | D:2      | Reached XP level 3. HP: 33/33 MP: 0/8
  2359 | D:2      | Learned a level 2 spell: Call Imp
  2380 | D:2      | Found an opulent altar of Gozag.
  2564 | D:2      | Found a sacrificial altar of Ru.
  3082 | D:3      | Reached XP level 4. HP: 42/42 MP: 3/10
  3378 | D:3      | Noticed Robin
  3389 | D:3      | Killed Robin
  3507 | D:3      | Found a shattered altar of Ashenzari.
  4368 | D:3      | Found a burning altar of Makhleb.
  4724 | D:4      | Reached XP level 5. HP: 33/50 MP: 3/11
  4819 | D:4      | Noticed an ogre
  4832 | D:4      | Killed an ogre
  4852 | D:4      | Noticed a phantom
  4903 | D:3      | HP: 1/53 [phantom (5)]
  5275 | D:4      | Noticed a phantom
  5642 | D:4      | Noticed an ogre
  5646 | D:4      | Noticed an ogre
  5695 | D:4      | Mangled by an ogre

Levels and vault maps discovered:
D:1:      evilmike_arrival_plus, layout_basic
D:2:      layout_loops_cross, nicolae_overflow_crystal_walls,
          lemuel_doored_altar
D:3:      layout_loops_corners, lightli_temple_of_fire,
          ashenzari_conservatory_becter, first_ration, uniq_robin
D:4:      layout_rooms, minmay_circle_x

Skill      XL: |  1  2  3  4  5 |
---------------+----------------+-----
Conjurations   | 1 2 3 |  3.6
Fighting       | 1 2 3 |  3.3
Spellcasting   | 4 |  4.7
Dodging        | |  1.7
Stealth        | |  1.4
Summonings     | |  0.8
Translocations | |  0.8

Action                   |  1- 3 |  4- 6 || total
-------------------------+-------+-------++-------
Melee: Unarmed           |   158 |       ||   158
       Club              |     5 |   151 ||   156
 Cast: Magic Dart        |    25 |       ||    25
       Call Imp          |    12 |    42 ||    54
 Stab: Sleeping          |     4 |       ||     4
  Eat: Chunk             |     7 |     8 ||    15
Armor: Robe              |    77 |    56 ||   133
Dodge: Dodged            |   112 |   109 ||   221
